 Dungeon Crawl Stone Soup version 0.22-a0-580-gd5db89c (webtiles) character file.

37 iamserjio the Skirmisher (level 3, 0/26 HPs)
             Began as a Halfling Abyssal Knight on July 3, 2018.
             Was a Follower of Lugonu.
             Succumbed to an adder's poison
             ... on level 3 of the Dungeon.
             The game lasted 00:03:48 (577 turns).

iamserjio the Skirmisher (Halfling Abyssal Knight)   Turns: 577, Time: 00:03:49

Health: 0/26       AC:  4    Str: 13    XL:     3   Next: 62%
Magic:  4/4        EV: 14    Int: 11    God:    Lugonu [*.....]
Gold:   91         SH:  0    Dex: 13    Spells: 2/2 levels left

rFire    . . .     SeeInvis .   a - +1 falchion
rCold    . . .     Gourm    .   (shield restricted)
rNeg     . . .     Faith    .   b - +0 leather armour
rPois    .         Spirit   .   (no helmet)
rElec    .         Reflect  .   (no cloak)
rCorr    .         Harm     .   (no gloves)
MR       .....                  e - +0 pair of boots
Stlth    +.........             (no amulet)
HPRegen  0.08/turn              (no ring)
MPRegen  0.09/turn              (no ring)

@: lethally poisoned (0 -> -2), flying
A: small, mutation resistance 1
a: Depart the Abyss, Renounce Religion


You were on level 3 of the Dungeon.
You worshipped Lugonu.
Lugonu was aware of your devotion.
You were not hungry.

You visited 1 branch of the dungeon, and saw 3 of its levels.
You visited the Abyss 1 time.

You collected 91 gold pieces.

Inventory:

Hand Weapons
 a - a +1 falchion (weapon)
Missiles
 l - 2 tomahawks of returning (quivered)
Armour
 b - a +0 leather armour (worn)
 e - a +0 pair of boots (worn)
Scrolls
 d - a scroll of teleportation {unknown}
 f - a scroll of random uselessness {unknown}
 g - 2 scrolls of identify {unknown}
 h - a scroll of remove curse {unknown}
 k - a scroll of immolation {unknown}
Potions
 m - a potion of brilliance {unknown}
Comestibles
 c - 4 rations
 i - 10 chunks of flesh


   Skills:
 + Level 3.0 Fighting
 * Level 2.6 Long Blades
 + Level 2.6 Armour
 + Level 1.8 Dodging
 - Level 2.1 Invocations


You had 2 spell levels left.
You didn't know any spells.
Your spell library was empty.

Dungeon Overview and Level Annotations

Branches:
Dungeon (3/15)

Altars:


Innate Abilities, Weirdness & Mutations

You are small and have problems with some larger weapons.
You are somewhat resistant to further mutation.


Message History

The adder is almost dead.
The adder misses you.
You closely miss the adder.
The adder is almost dead.
You feel sick. The adder bites you.
* * * LOW HITPOINT WARNING * * *
The adder bites you.
* * * LOW HITPOINT WARNING * * *
You closely miss the adder.
The adder is almost dead.
You hear the slow rusting of a distant drain.
The adder closely misses you. The adder bites you but does no damage.
You closely miss the adder.
The adder is almost dead.
The adder bites you.
* * * LOW HITPOINT WARNING * * *
It was a potion of flight.
You feel very buoyant.
You fly up into the air.
You die...

##.... ..#.. .?..(.
#...# #.... ...# #..#.
...# #$... ##..# #.#..
...# #.... ####..# #....
#.@Sg.# #....
.......###.#########....
.....## #..............
#... ##............. #..
##......^..... #.
#.........#.. #
#.)....#......#
....##........#.
.........#..#....


You could see an adder and a goblin.

Vanquished Creatures
  2 worms
  2 dart slugs (D:1)
  A leopard gecko (D:2)
  3 orcs (D:3)
  3 bats (D:1)
  A giant cockroach (D:3)
  A goblin (D:1)
  A hobgoblin (D:1)
  3 jackals (D:2)
  A kobold (D:1)
  A frilled lizard (D:1)
  4 rats
23 creatures vanquished.

Notes
Turn   | Place    | Note
-------+----------+-------------------------------------------
     0 | Abyss:1  | iamserjio the Halfling Abyssal Knight began the quest for the Orb.
     0 | Abyss:1  | Reached XP level 1. HP: 15/15 MP: 2/2
     3 | Abyss:1  | Found a corrupted altar of Lugonu.
    11 | D:1      | Escaped the Abyss
   156 | D:1      | Reached XP level 2. HP: 20/20 MP: 3/3
   443 | D:2      | Reached XP level 3. HP: 8/25 MP: 4/4
   498 | D:3      | Reached skill level 3 in Fighting
   576 | D:3      | HP: 1/26 [adder (3)]
   577 | D:3      | Succumbed to an adder's poison

Vault maps used:
D:1:      dpeg_arrival_oval, minmay_cut_off
D:2:      first_ration, uniq_terence
D:3:      nicolae_ru_path_of_blood, elyvilon_altar_3, gup_sewer_entry_pipe,
          minmay_strange_pillars, minivault_27, lemuel_tele_altar

Skill      XL: |  1  2  3 |
---------------+----------+-----
Fighting       | 3 |  3.0
Long Blades    | |  2.6
Armour         | |  2.6
Dodging        | |  1.8
Invocations    | |  2.1

Action                   || total
-------------------------++-------
Melee: Falchion          ||    72
  Use: Potion            ||     1
 Stab: Sleeping          ||     1
Armor: Leather armour    ||    15
Dodge: Dodged            ||    60
       Rpst.: Falchion   ||    17

Table legend:
 A = Spawn XP
 B = Non-spawn XP
 C = Spawn XP percentage of total XP
 D = Spawn monster count
 E = Non-spawn monster count
 F = Spawn count percentage of total count
 G = Total turns spent on level
                    A         B        C        D         E        F      G
               +---------+---------+-------+---------+---------+-------+---------
         Total |       0 |      54 |   0.0 |       0 |      23 |   0.0 |   577
               +---------+---------+-------+---------+---------+-------+---------
           D:1 |       0 |      21 |   0.0 |       0 |      10 |   0.0 |   418
           D:2 |       0 |      16 |   0.0 |       0 |       7 |   0.0 |    50
           D:3 |       0 |      17 |   0.0 |       0 |       6 |   0.0 |    98
               +---------+---------+-------+---------+---------+-------+---------
